 Dungeon Crawl Stone Soup version 0.18.1-6-gd335043 (webtiles) character file.

72 Perunarutto the Magician (level 4, -5/41 HPs)
             Began as a Troll Wizard on May 19, 2016.
             Was an Initiate of Fedhas.
             Slain by Musteatbrain's ghost (11 damage)
             ... on level 3 of the Dungeon.
             The game lasted 00:20:29 (1303 turns).

Perunarutto the Magician (Troll Wizard)             Turns: 1303, Time: 00:20:29

Health: -5/41      AC:  6    Str: 15    XL:     4   Next: 6%
Magic:  5/6        EV: 10    Int: 15    God:    Fedhas [......]
Gold:   77         SH:  0    Dex:  8    Spells: 2 memorised, 4 levels left

rFire  . . .     SeeInvis .     (no weapon)
rCold  . . .     Gourm    +     a - +0 robe
rNeg   . . .     Faith    .     (no shield)
rPois  .         Spirit   .     b - +0 hat
rElec  .         Dismiss  .     i - +0 cloak
rCorr  .         Reflect  .     (gloves unavailable)
SustAt +         Harm     .     (boots unavailable)
MR     .....                    (no amulet)
Stlth  +.........               (no ring)
                                q - ring of sustain attributes

@: not resistant to hostile enchantments, very unstealthy
A: unfitting armour, claws 3, fast metabolism 3, gourmand, regeneration 2,
shaggy fur 1, tough skin 2
a: Renounce Religion


You were on level 3 of the Dungeon.
You worshipped Fedhas.
Fedhas was noncommittal.
You were not hungry.

You visited 1 branch of the dungeon, and saw 3 of its levels.

You collected 77 gold pieces.

Inventory:

Armour
 a - a +0 robe (worn)
 b - a +0 hat (worn)
 i - a +0 cloak (worn)
Jewellery
 q - a ring of sustain attributes (left claw)
Wands
 m - a wand of random effects (26/48)
Scrolls
 e - a scroll of remove curse
 h - 3 scrolls of enchant weapon
 l - a scroll of random uselessness {unknown}
 n - 2 scrolls of teleportation
 o - 2 scrolls of amnesia {unknown}
 p - 2 scrolls of fog {unknown}
 r - a scroll of fear {unknown}
Potions
 f - 2 potions of berserk rage {unknown}
Books
 c - a book of Minor Magic

   Spells                             Type                      Level
   a - Magic Dart                     Conjuration                  1
   b - Blink                          Translocation                2
   c - Call Imp                       Summoning                    2
   d - Repel Missiles                 Charms/Air                   2
   e - Slow                           Hexes                        2
   f - Conjure Flame                  Conjuration/Fire             3
   g - Mephitic Cloud                 Conjuration/Poison/Air       3
Comestibles
 d - 3 bread rations
 g - 2 meat rations


   Skills:
 + Level 1.0 Fighting
 + Level 2.1 Dodging
 + Level 1.5 Stealth
 + Level 0.4 Unarmed Combat
 + Level 2.3 Spellcasting
 + Level 1.0 Conjurations
 + Level 0.7 Summonings
   Level 0.6 Translocations


You had 4 spell levels left.
You knew the following spells:

 Your Spells              Type           Power        Failure   Level  Hunger
a - Magic Dart            Conj           #...         14%         1    #......
b - Call Imp              Summ           #.......     28%         2    ###....


Dungeon Overview and Level Annotations

Branches:
Dungeon (3/15)

Altars:
Ashenzari
Fedhas
Xom

Annotations:
D:3 Grinder; Musteatbrain's ghost, weakling DsFi


Innate Abilities, Weirdness & Mutations

You are too large for most types of armour.
You have claws for hands.
Your metabolism is lightning-fast.
You like to eat raw meat.
You heal very quickly.
You are covered in fur (AC +1).
You have very tough skin (AC +2).


Message History

Musteatbrain's ghost is severely damaged.
Your crimson imp blinks!
Musteatbrain's ghost barely misses you.
You closely miss Musteatbrain's ghost.
Musteatbrain's ghost is severely damaged.
Musteatbrain's ghost hits you.
* * * LOW HITPOINT WARNING * * *
You scratch Musteatbrain's ghost.
Musteatbrain's ghost is severely damaged.
Musteatbrain's ghost hits you.
* * * LOW HITPOINT WARNING * * *
You barely miss Musteatbrain's ghost.
Musteatbrain's ghost is severely damaged.
Musteatbrain's ghost misses you.
You scratch Musteatbrain's ghost but do no damage.
Musteatbrain's ghost is severely damaged.
Your crimson imp disappears in a puff of smoke!
Musteatbrain's ghost hits you!
You die...
Fedhas appreciates your contribution to the ecosystem.

#.# .#
#####.###.#
###.........#
#...#......## ..
#.....§.#
##......#######
#.............#
...........†....#
##...##....W@...#
...## #.........#
##.# #.........#
#. #####.#####
#.# ..# ###


You could see Musteatbrain's ghost.

Vanquished Creatures
  4 adders (D:2)
  2 worms (D:2)
  A giant gecko (D:2)
  4 bats
  A giant cockroach (D:1)
  4 goblins
  2 hobgoblins (D:2)
  4 jackals
  A kobold (D:1)
  2 giant newts
  2 rats
27 creatures vanquished.

Vanquished Creatures (collateral kills)
  3 jackals (D:2)
  A kobold (D:2)
4 creatures vanquished.

Vanquished Creatures (others)
  17 toadstools
17 creatures vanquished.

Grand Total: 48 creatures vanquished

Notes
Turn   | Place    | Note
--------------------------------------------------------------
     0 | D:1      | Perunarutto the Troll Wizard began the quest for the Orb.
     0 | D:1      | Reached XP level 1. HP: 16/16 MP: 2/2
   549 | D:1      | Reached XP level 2. HP: 22/24 MP: 0/4
   594 | D:2      | Learned a level 2 spell: Call Imp
   601 | D:2      | Found a blossoming altar of Fedhas.
   644 | D:2      | Found a shimmering altar of Xom.
   648 | D:2      | Became a worshipper of Fedhas Madash
   747 | D:2      | Reached XP level 3. HP: 26/31 MP: 1/5
   866 | D:2      | Found a shattered altar of Ashenzari.
  1053 | D:3      | Noticed Grinder
  1053 | D:3      | Noticed a centaur
  1101 | D:3      | Noticed Musteatbrain's ghost (weakling DsFi)
  1133 | D:2      | Reached skill level 1 in Fighting
  1133 | D:2      | Reached skill level 1 in Conjurations
  1133 | D:2      | Reached XP level 4. HP: 17/41 MP: 4/6
  1303 | D:3      | Slain by Musteatbrain's ghost

Skill      XL: |  1  2  3 |
---------------+----------+-----
Dodging        | 2 |  2.1
Fighting       | 1 |  1.0
Conjurations   | 1 |  1.0
Stealth        | |  1.5
Unarmed Combat | |  0.4
Spellcasting   | |  2.3
Summonings     | |  0.7
Translocations | |  0.6

Action                   |  1- 3 |  4- 6 || total
-------------------------+-------+-------++-------
Melee: Unarmed           |    91 |    21 ||   112
 Cast: Magic Dart        |    19 |     4 ||    23
       Call Imp          |     3 |     2 ||     5
  Use: Scroll            |     4 |       ||     4
       Potion            |     1 |       ||     1
 Stab: Sleeping          |     1 |       ||     1
  Eat: Chunk             |     7 |     2 ||     9
       Pizza             |     1 |       ||     1
Armor: Robe              |    47 |     7 ||    54
Dodge: Dodged            |    61 |     8 ||    69
